 Dungeon Crawl Stone Soup version 0.32-a0-422-g28b100f618 (webtiles) character file.

Game seed: 1903547087551468603

238 cforsyth the Slasher (level 6, -1/48 HPs)
             Began as a Coglin Gladiator on Feb 22, 2024.
             Slain by Natasha (3 damage)
             ... on level 2 of the Dungeon.
             The game lasted 00:01:51 (1710 turns).

cforsyth the Slasher (Coglin Gladiator)             Turns: 1710, Time: 00:01:51

Health: -1/48      AC:  4    Str: 14    XL:     6   Next: 7%
Magic:  6/6        EV: 12    Int:  7    God:
Gold:   67         SH:  0    Dex: 18    Spells: 5/5 levels left

rFire   . . .        a - +0 long sword {Consuela}
rCold   . . .        (no shield)
rNeg    . . .        b - +0 leather armour
rPois   .            c - +0 helmet
rElec   .            (no cloak)
rCorr   .            (no gloves)
SInv    .            (no boots)
Will    .....        (no amulet)
Stlth   +            (no ring)
HPRegen 0.28/turn    (no ring)
MPRegen 0.10/turn

%: no passive effects
@: immotile, revved
A: off-hand wielding, slow wielding, warmup strikes, legs shutdown
a: no special abilities


You were on level 2 of the Dungeon.
You visited 1 branch of the dungeon, and saw 2 of its levels.

You collected 67 gold pieces.


Innate Abilities, Weirdness & Mutations

You can wield a second weapon in your off-hand.
It takes a long time for you to wield or remove held weapons.
Your first few attacks do less damage.
Attacking and casting redirects power from your legs.


   Skills:
 + Level 3.9 Fighting
 + Level 4.4 Long Blades
 - Level 1.7 Throwing
 + Level 2.7 Armour
 - Level 2.6 Dodging


You had 5 spell levels left.
You didn't know any spells.
Your spell library contained the following spells:

 Spells                   Type           Power      Damage    Failure   Level
 Necrotise                Necr           0%         1d4       50%         1
 Vampiric Draining        Necr           0%         2d6       86%         3
 Martyr's Knell           Necr/Summ      0%         N/A       99%         4
 Curse of Agony           Necr           0%         N/A       100%        5

Inventory:

Hand Weapons
 a - a +0 long sword (weapon) {Consuela}
Missiles
 d - 3 throwing nets (quivered) {=f}
 e - a javelin
Armour
 b - a +0 leather armour (worn)
 c - a +0 helmet (worn)
Jewellery
 F - a ring of fire
Scrolls
 f - a scroll of identify {unknown}
 j - a scroll of revelation {unknown}
 k - a scroll of fear {unknown}
Potions
 g - a potion of magic {unknown}
 h - a potion of heal wounds {unknown}
 i - 2 potions of cancellation {unknown}

Dungeon Overview and Level Annotations

Branches:
Dungeon (2/15)

Altars:

Annotations:
D:2 Natasha

#.# #...#.........# #..
#.#
#..?#.........#####..
#.#
###....................
#.#
#..........#####.###...
###.###..........# #.#
#... #.....'..........#
#.###...
#######....†.....###
#.#...#. #....g5.......
..#.###. #....h@....##
###.# #. ######5.......
#.# #. #.#+#...# #.# #.
#.# ..# #.# #. #.# .#
#.# #. #.. #.# #. ###
#.# ## #.# #.####


You could see Natasha, 2 cerulean imps and a goblin.


Message History

You are no longer unable to travel.
The goblin hits you but does no damage.
The cerulean imp hits you from afar with a +2 spear.
Natasha claws you! The goblin hits you but does no damage.
The cerulean imp barely misses you.
Natasha mumbles some strange words.
The cerulean imp closely misses you.
You completely miss Natasha. The goblin hits you but does no damage.
Natasha claws you!
* * * LOW HITPOINT WARNING * * *
The cerulean imp hits you with a +2 spear.
* * * LOW HITPOINT WARNING * * *
The cerulean imp hits you with a +0 spear.
* * * LOW HITPOINT WARNING * * *
The goblin barely misses you.
You closely miss Natasha. Natasha claws you but does no damage.
The cerulean imp hits you with a +2 spear.
* * * LOW HITPOINT WARNING * * *
The cerulean imp barely misses you. The goblin hits you but does no damage.
Natasha closely misses you.
You hit Natasha but do no damage.
The cerulean imp hits you with a +2 spear.
* * * LOW HITPOINT WARNING * * *
The cerulean imp hits you with a +0 spear.
* * * LOW HITPOINT WARNING * * *
The goblin hits you with a +0 club.
* * * LOW HITPOINT WARNING * * *
Natasha claws you.
You die...
Natasha begins licking her fur clean.

Skill      XL: |  1  2  3  4 |
---------------+-------------+-----
Armour         | 1 2 |  2.7
Fighting       | 3 |  3.9
Long Blades    | 4 |  4.4
Throwing       | |  1.7
Dodging        | |  2.6

Action                     |  1- 3 |  4- 6 || total
---------------------------+-------+-------++-------
  Melee: Long sword        |    83 |    42 ||   125
         Unarmed           |     5 |       ||     5
  Throw: Throwing net      |     2 |       ||     2
   Stab: Sleeping          |     2 |       ||     2
 Armour: Leather armour    |    54 |    35 ||    89
  Dodge: Dodged            |    78 |    39 ||   117

Levels and vault maps discovered:
D:1:      ncdulo_watergridlock, layout_loops_ring
D:2:      layout_basic, uniq_sigmund, uniq_natasha

Notes
Turn   | Place    | Note
-------+----------+-------------------------------------------
     0 | D:1      | cforsyth the Coglin Gladiator began the quest for the Orb.
     0 | D:1      | Reached XP level 1. HP: 16/16 MP: 1/1
   102 | D:1      | Reached XP level 2. HP: 22/22 MP: 2/2
   368 | D:1      | Reached skill level 1 in Armour
   478 | D:1      | Reached XP level 3. HP: 24/28 MP: 3/3
   911 | D:2      | Reached XP level 4. HP: 20/34 MP: 4/4
  1061 | D:2      | Reached skill level 3 in Fighting
  1395 | D:2      | Noticed Sigmund
  1410 | D:2      | Killed Sigmund
  1411 | D:2      | Reached skill level 4 in Long Blades
  1411 | D:2      | Reached skill level 2 in Armour
  1411 | D:2      | Reached XP level 5. HP: 12/42 MP: 5/5
  1411 | D:2      | Reached XP level 6. HP: 13/48 MP: 6/6
  1701 | D:2      | Noticed Natasha
  1710 | D:2      | HP: 2/48 [goblin/+0 club (3)]
  1710 | D:2      | Slain by Natasha

Vanquished Creatures
  Sigmund (D:2)
  2 adders (D:2)
  2 ribbon worms (D:2)
  A dart slug (D:1)
  2 endoplasms
  3 giant cockroaches (D:1)
  2 goblins
  3 hobgoblins (D:2)
  5 jackals
  2 kobolds (D:2)
  A quokka (D:1)
  2 ball pythons
  2 bats (D:1)
  5 rats
33 creatures vanquished.

Table legend: (Time is in decaauts)
 A = Elapsed time spent in this place.
 B = Non-inter-level travel time spent in this place.
 C = Inter-level travel time spent in this place.
 D = Time resting spent in this place.
 E = Time spent auto-exploring this place.
 F = Levels seen in this place.
 G = Mean time per level.
                   A        B        C        D        E       F      G
               +--------+--------+--------+--------+--------+-----+--------+
         Total |   1738 |   1732 |      6 |      0 |   1440 |   2 |  869.0 |
       Dungeon |   1738 |   1732 |      6 |      0 |   1440 |   2 |  869.0 |
               +--------+--------+--------+--------+--------+-----+--------+

Top non-repeatable levels by time:
     D:2: 991 daAuts
     D:1: 746 daAuts

Table legend:
 A = Non-vault XP
 B = Vault XP
 C = Vault XP percentage of total XP
 D = Non-vault monster count
 E = Vault monster count
 F = Vault count percentage of total count
                 A         B        C        D         E       F
            +---------+---------+-------+---------+---------+-------
      Total |     117 |     224 |  65.7 |      32 |       1 |   3.0
            +---------+---------+-------+---------+---------+-------
        D:1 |      41 |       0 |   0.0 |      15 |       0 |   0.0
        D:2 |      76 |     224 |  74.7 |      17 |       1 |   5.6
            +---------+---------+-------+---------+---------+-------
